 Dungeon Crawl Stone Soup version 0.18-a0-1274-gbbc4967 (webtiles) character file.

4818 wirefist the Martial Artist (level 10, -1/129 HPs)
             Began as a Demonspawn Monk on Feb 7, 2016.
             Slain by a gnoll sergeant
             ... wielding a +0 glaive
              (2 damage)
             ... in a bailey.
             The game lasted 00:32:25 (8990 turns).

wirefist the Martial Artist (Demonspawn Monk)       Turns: 8990, Time: 00:32:25

Health: -1/129     AC: 25    Str: 11    XL:     10   Next: 24%
Magic:  10/10      EV:  2    Int: 11    God:
Gold:   441        SH:  0    Dex: 22    Spells: 0 memorised, 9 levels left

rFire  . . .     SeeInvis .       - Unarmed
rCold  . . .     Gourm    .     (armour currently unavailable)
rNeg   + + +     Faith    .     (no shield)
rPois  +         Spirit   .     (helmet unavailable)
rElec  .         Dismiss  .     (cloak currently unavailable)
rCorr  .         Reflect  .     (gloves currently unavailable)
SustAt .         Harm     .     (boots currently unavailable)
MR     .....     NoTele   +     (no amulet)
Stlth  ++++......               (no ring)
                                j - ring of flight

@: tree-form (expiring), very slightly contaminated, invisible (expiring), not
resistant to hostile enchantments, stealthy
A: (horns 0), (thin metallic scales 0), agile 1, demonic guardian 1, robust 1
a: no special abilities


You were in a bailey.
You were very hungry.
You were a tree.
You visited 2 branches of the dungeon, and saw 10 of its levels.
You also visited: Bailey.

You collected 441 gold pieces.

Inventory:

Armour
 a - a +0 robe
 d - a +0 cloak (melded)
 F - a +1 robe (melded)
 H - a +0 buckler
Magical Staves
 D - an uncursed staff of power {unknown}
Jewellery
 j - a ring of flight (left branch)
 K - an uncursed ring of ice {unknown}
Scrolls
 f - a scroll of immolation
 g - a scroll of enchant armour
 i - 6 scrolls of teleportation
 k - 2 scrolls of random uselessness
 m - 6 scrolls of identify
 n - 3 scrolls of enchant weapon
 p - 2 scrolls of remove curse
 r - 5 scrolls of recharging {unknown}
 s - a scroll of acquirement {unknown}
 A - a scroll of fog {unknown}
 I - a scroll of amnesia
 J - 2 scrolls of blinking
Potions
 c - 4 potions of resistance
 e - 3 potions of flight
 h - 3 potions of curing
 l - 3 potions of berserk rage
 o - a potion of lignification
 q - 3 potions of agility
 u - a potion of mutation
 w - a potion of magic {unknown}
 z - a potion of might {unknown}
 E - a potion of degeneration {unknown}
Books
 y - a book of Party Tricks

   Spells                             Type                      Level
   a - Summon Butterflies             Summoning                    1
   b - Apportation                    Translocation                1
   c - Tukima's Dance                 Hexes                        3
   d - Alistair's Intoxication        Transmutation/Poison         5
   e - Invisibility                   Hexes                        6
 G - a book of Alchemy

   Spells                             Type                      Level
   a - Sublimation of Blood           Necromancy                   2
   b - Ignite Poison                  Fire/Transmutation/Poison    3
   c - Condensation Shield            Ice                          4
   d - Petrify                        Transmutation/Earth          4
   e - Alistair's Intoxication        Transmutation/Poison         5
   f - Irradiate                      Conjuration/Transmutation    5
Comestibles
 b - 5 bread rations
 t - 5 fruits
 v - 4 meat rations
 x - a royal jelly


   Skills:
 - Level 7.4 Fighting
 - Level 4.3 Dodging
 - Level 4.1 Stealth
 + Level 11.8 Unarmed Combat


You had 9 spell levels left.
You didn't know any spells.

Dungeon Overview and Level Annotations

Branches:
Dungeon (9/15)             Temple (1/1) D:5
   Lair: D:8-11         Orc: D:9-12

Altars:
Ashenzari
Cheibriados
Dithmenos
Elyvilon
Fedhas
Gozag
Kikubaaqudgha
Nemelex Xobeh
Okawaru
Pakellas
Qazlal
Ru
Sif Muna
Trog
Vehumet
Xom
Yredelemnul
Zin
The Shining One
Lugonu

Annotations:
D:6 exclusion: oklob plant


Innate Abilities, Weirdness & Mutations

((You have a pair of large horns on your head.))
((You are completely covered in thin metallic scales (AC +4, rElec).))
A weak demonic guardian rushes to your aid.
You are agile. (Dex +2)
You are robust (+10% HP).


Message History

The gnoll sergeant hits you but does no damage. x2
The gnoll sergeant hits you but does no damage.
The gnoll sergeant hits you from afar with a glaive.
* * * LOW HITPOINT WARNING * * *
The gnoll sergeant hits you from afar with a glaive.
* * * LOW HITPOINT WARNING * * *
The gnoll sergeant hits you from afar with a glaive.
* * * LOW HITPOINT WARNING * * *
The gnoll sergeant hits you from afar with a glaive.
* * * LOW HITPOINT WARNING * * *
The gnoll sergeant hits you but does no damage.
Your transformation is almost over.
The gnoll sergeant hits you but does no damage.
You flicker for a moment.
The gnoll sergeant hits you from afar with a glaive.
* * * LOW HITPOINT WARNING * * *
The gnoll sergeant hits you from afar with a glaive.
* * * LOW HITPOINT WARNING * * *
The gnoll sergeant hits you from afar with a glaive.
You die...

♣♣≈≈...# ♣.≈..###
♣♣.≈..# ♣..≈..#
♣..≈..# ### ♣♣..≈..#
##...
♣♣...≈..######....
#♣♣♣..g.)..'...#...$.
#∩..♣.g.)).'...'5..8.
#♣♣♣.......'...#g..$.
♣♣...≈..######.)..
♣...≈..# ##...
♣...≈..# ### ♣♣..≈..#
♣♣.≈..# ♣.≈..# ♣♣≈≈..


You could see 2 gnoll sergeants.

Vanquished Creatures
  Pikel (D:5)
  The ghost of RepHenryClay the Magician, a novice DEVM (D:5)
  Sigmund (D:6)
  Eustachio (D:6)
  3 yaks (D:8)
  2 hippogriffs (D:7)
  The ghost of GoodGuyCap the Chiller, an amateur OpIE (D:3)
  Edmund (D:6)
  A water moccasin (D:7)
  2 ice beasts (D:6)
  2 slaves (D:5)
  3 sky beasts
  An orc warrior (D:6)
  2 phantoms
  A centaur (D:5)
  A wyvern skeleton (D:7)
  2 scorpions (D:4)
  A water moccasin skeleton (D:6)
  3 killer bees (D:8)
  3 wights (D:8)
  A giant frog zombie (D:7)
  4 crimson imps
  5 orc priests
  A centaur zombie (D:7)
  8 hounds
  A centaur skeleton (D:9)
  2 orc wizards
  Ijyb (D:3)
  3 iguanas
  8 worker ants
  A hound skeleton (D:4)
  2 worker ant zombies (D:7)
  3 gnolls (Bailey)
  6 adders
  2 shadow imps
  2 oozes
  An adder zombie (D:7)
  An adder skeleton (D:9)
  A worm (D:2)
  3 giant geckos
  18 orcs
  A ball python (D:6)
  8 giant cockroaches
  14 goblins
  6 hobgoblins
  3 jackals (D:3)
  6 kobolds
  2 quokkas (D:2)
  9 bats
  A giant gecko zombie (D:5)
  3 giant newts
  A jackal zombie (D:6)
  7 rats
168 creatures vanquished.

Vanquished Creatures (collateral kills)
  A centaur zombie (D:9)
  2 ogres
  A giant frog (D:6)
  A giant frog zombie (D:6)
  A gnoll (Bailey)
  An adder zombie (D:5)
7 creatures vanquished.

Vanquished Creatures (others)
  An orc (D:5)
  A rat (D:3)
  2 fungi (D:6)
4 creatures vanquished.

Grand Total: 179 creatures vanquished

Notes
Turn   | Place    | Note
--------------------------------------------------------------
     0 | D:1      | wirefist the Demonspawn Monk began the quest for the Orb.
     0 | D:1      | Reached XP level 1. HP: 18/18 MP: 1/1
     3 | D:1      | Noticed an electric eel
     3 | D:1      | Noticed an electric eel
    81 | D:1      | Reached skill level 4 in Unarmed Combat
    84 | D:1      | Gained mutation: You have a pair of small horns on your head. [demonic ancestry]
    84 | D:1      | Reached XP level 2. HP: 13/24 MP: 2/2
   701 | D:2      | Gained mutation: You are partially covered in thin metallic scales (AC +2). [demonic ancestry]
   701 | D:2      | Reached XP level 3. HP: 25/29 MP: 3/3
   959 | D:2      | Found a snail-covered altar of Cheibriados.
   959 | D:2      | Found an opulent altar of Gozag.
  1175 | D:2      | Found a blossoming altar of Fedhas.
  1346 | D:3      | Noticed GoodGuyCap's ghost (amateur OpIE)
  1391 | D:3      | Killed GoodGuyCap's ghost
  1391 | D:3      | Reached skill level 6 in Unarmed Combat
  1391 | D:3      | Reached XP level 4. HP: 3/35 MP: 4/4
  1391 | D:3      | Gained mutation: A weak demonic guardian rushes to your aid. [demonic ancestry]
  1391 | D:3      | Reached XP level 5. HP: 3/41 MP: 5/5
  1823 | D:3      | Found a white marble altar of Elyvilon.
  1943 | D:3      | Noticed Ijyb
  1955 | D:3      | Killed Ijyb
  2390 | D:4      | Gained mutation: You have a pair of horns on your head. [demonic ancestry]
  2390 | D:4      | Reached XP level 6. HP: 47/47 MP: 6/6
  2408 | D:4      | Found a bloodstained altar of Trog.
  2433 | D:4      | Reached skill level 7 in Unarmed Combat
  3115 | D:4      | Gained mutation: You are mostly covered in thin metallic scales (AC +3). [demonic ancestry]
  3115 | D:4      | Reached XP level 7. HP: 49/52 MP: 7/7
  3329 | D:5      | Entered Level 5 of the Dungeon
  3841 | D:5      | Noticed RepHenryClay's ghost (novice DEVM)
  3935 | D:5      | Found a staircase to the Ecumenical Temple.
  3950 | Temple   | Entered the Ecumenical Temple
  4189 | D:5      | Gained mutation: You are completely covered in thin metallic scales (AC +4, rElec). [demonic ancestry]
  4189 | D:5      | Reached XP level 8. HP: 58/58 MP: 8/8
  4229 | D:5      | Noticed Pikel
  4262 | D:5      | Killed Pikel
  4613 | D:5      | Paralysed by RepHenryClay's ghost for 3 turns
  5073 | D:5      | Killed RepHenryClay's ghost
  5543 | D:5      | Reached skill level 8 in Unarmed Combat
  5635 | D:6      | Reached XP level 9. HP: 31/72 MP: 9/9
  5639 | D:6      | Noticed Edmund
  5842 | D:6      | Killed Edmund
  5867 | D:6      | Found a blossoming altar of Fedhas.
  5878 | D:6      | Found an oddly glowing altar of Pakellas.
  5909 | D:6      | Noticed an oklob plant
  6113 | D:6      | Noticed Eustachio
  6135 | D:6      | Killed Eustachio
  6135 | D:6      | Reached skill level 9 in Unarmed Combat
  6143 | D:6      | Found a stormy altar of Qazlal.
  6217 | D:6      | Noticed Sigmund
  6223 | D:6      | Killed Sigmund
  6265 | D:6      | Found a sparkling altar of Nemelex Xobeh.
  6265 | D:6      | Found a shimmering altar of Xom.
  6301 | D:6      | Found an iron altar of Okawaru.
  6303 | D:6      | Found a deep blue altar of Sif Muna.
  6303 | D:6      | Found a sacrificial altar of Ru.
  6543 | D:7      | Reached skill level 10 in Unarmed Combat
  7287 | D:7      | Found a shattered altar of Ashenzari.
  7603 | D:8      | Reached skill level 11 in Unarmed Combat
  8135 | D:8      | Gained mutation: You have a pair of large horns on your head. [demonic ancestry]
  8135 | D:8      | Reached XP level 10. HP: 69/79 MP: 10/10
  8860 | D:9      | Found a flagged portal.
  8874 | Bailey   | Entered a bailey
  8966 | Bailey   | HP: 3/118 [gnoll sergeant/glaive (4)]
  8971 | Bailey   | Gained mutation: You are robust (+10% HP). [potion of mutation]
  8971 | Bailey   | Gained mutation: You are agile. (Dex +2) [potion of mutation]
  8989 | Bailey   | HP: 6/129 [gnoll sergeant/glaive (2)]
  8990 | Bailey   | HP: 1/129 [gnoll sergeant/glaive (5)]
  8990 | Bailey   | Slain by a gnoll sergeant

Vault maps used:
D:1:      arrival_aquarium_b, minmay_misc_feat_room
D:2:      gammafunk_temple_overflow_elements, first_bread, minmay_misc_feat_chi,
          fedhas_altar_1
D:3:      elyvilon_altar_4, uniq_iyjb
D:4:      kennysheep_mini, nrook_mini_backslash, kennysheep_generic_room_10
D:5:      minmay_temple_entry_hall, kennysheep_opposing_triangles, uniq_pikel
D:6:      lemuel_slime, kennysheep_mini_moat, grunt_temple_overflow_open,
          nicolae_qazlal_general_emergency, st_stairs_10,
          grunt_pakellas_mercury, uniq_sigmund, uniq_eustachio, uniq_edmund
D:7:      kennysheep_little_box
D:8:      lemuel_ice_spiral_2
D:9:      gammafunk_temple_overflow_pools, serial_shops,
          nicolae_shop_waterfront, enter_bailey_3
Temple:   corrupted_temple
Bailey:   bailey_polearm_gnolls_kennysheep, bailey

Action                   |  1- 3 |  4- 6 |  7- 9 | 10-12 || total
-------------------------+-------+-------+-------+-------++-------
Melee: Unarmed           |   121 |   101 |   405 |    86 ||   713
  Use: Potion            |       |     2 |     2 |     5 ||     9
       Scroll            |       |       |    12 |       ||    12
 Stab: Sleeping          |     4 |     4 |    14 |     1 ||    23
       Distracted        |       |       |     5 |       ||     5
  Eat: Chunk             |     2 |     5 |     4 |     1 ||    12
       Bread ration      |       |       |     3 |       ||     3
